 Dungeon Crawl Stone Soup version 0.29-a0-303-ge4682ce883 (webtiles) character file.

Game seed: 11897061002798628969

1696 jmlagarto the Skirmisher (level 9, 0/78 HPs)
             Began as a Hill Orc Abyssal Knight on Mar 25, 2022.
             Was an Elder of Lugonu.
             Slain by an orc warrior
             ... wielding a +0 long sword
              (15 damage)
             ... on level 7 of the Dungeon.
             The game lasted 00:15:11 (10096 turns).

jmlagarto the Skirmisher (Hill Orc Abyssal Knight) Turns: 10096, Time: 00:15:11

Health: 0/78       AC: 12    Str: 20    XL:     9   Next: 3%
Magic:  14/14      EV:  8    Int: 10    God:    Lugonu [****..]
Gold:   650        SH:  4    Dex: 11    Spells: 8/8 levels left

rFire   . . .      SeeInvis .   a - +1 hand axe
rCold   . . .      Faith    .   H - +0 buckler
rNeg    . . .      Spirit   .   o - +0 chain mail
rPois   .          Reflect  .   (no helmet)
rElec   .          Harm     .   O - +0 cloak
rCorr   .          Rampage  .   d - +0 pair of gloves
Will    .....                   (no boots)
Stlth   ..........              (no amulet)
HPRegen 0.23/turn               (no ring)
MPRegen 0.14/turn               (no ring)

@: no status effects
A: no striking features
a: Renounce Religion, Depart the Abyss, Bend Space, Banish, Corrupt


You were on level 7 of the Dungeon.
You worshipped Lugonu.
Lugonu was greatly pleased with you.
You visited 1 branch of the dungeon, and saw 8 of its levels.
You visited the Abyss 1 time.
You also visited: Sewer.

You collected 650 gold pieces.

Inventory:

Hand Weapons
 a - a +1 hand axe (weapon)
 F - a +1 flail of holy wrath
 N - a +1 trident of protection
Missiles
 g - 7 poisoned darts
 G - 2 javelins (quivered)
Armour
 c - a scarf of harm
 d - a +0 pair of gloves (worn)
 o - a +0 chain mail (worn)
 H - a +0 buckler (worn)
 O - a +0 cloak (worn)
Jewellery
 t - a ring of magical power
 w - an amulet of the acrobat
Wands
 s - a wand of polymorph (19)
 J - a wand of flame (16)
 M - a wand of acid (5)
Scrolls
 b - 2 scrolls of enchant armour
 e - 2 scrolls of immolation {unknown}
 f - 2 scrolls of holy word {unknown}
 h - 3 scrolls of brand weapon {unknown}
 k - a scroll of torment {unknown}
 l - 5 scrolls of blinking
 n - a scroll of amnesia {unknown}
 q - a scroll of enchant weapon {unknown}
 v - 4 scrolls of teleportation
 y - a scroll of fog {unknown}
 B - a scroll of fear {unknown}
 C - a scroll of magic mapping {unknown}
 D - 2 scrolls of vulnerability {unknown}
 E - 2 scrolls of acquirement {unknown}
 L - a scroll of silence {unknown}
 P - a scroll of identify
Potions
 i - a potion of curing
 j - a potion of mutation {unknown}
 m - 2 potions of cancellation {unknown}
 p - a potion of resistance {unknown}
 r - a potion of magic
 u - 5 potions of brilliance
 x - 3 potions of haste {unknown}
 z - a potion of invisibility {unknown}
 A - 3 potions of flight {unknown}
 I - a potion of berserk rage {unknown}
 K - 2 potions of degeneration {unknown}


   Skills:
 + Level 6.9 Fighting
 + Level 6.8 Axes
 + Level 5.7 Armour
 + Level 4.0 Dodging
 + Level 2.3 Shields
 + Level 6.7 Invocations


You had 8 spell levels left.
You didn't know any spells.
Your spell library contained the following spells:

 Spells                   Type           Power      Damage    Failure   Level
 Corpse Rot               Necr/Air       0%         N/A       100%        2
 Tukima's Dance           Hex            0%         N/A       100%        3
 Anguish                  Hex/Necr       0%         N/A       100%        4
 Dispel Undead            Necr           0%         3d6       100%        4
 Death Channel            Necr           0%         N/A       100%        6
 Enfeeble                 Hex            0%         N/A       100%        7


Dungeon Overview and Level Annotations

Branches:
Dungeon (8/15)             Temple (0/1) D:7           Sewer (visited)
   Lair: D:8-11

Altars:
Elyvilon
Hepliaklqana
Okawaru
Ru
Sif Muna

Shops:
D:3 (   D:4 [   D:6 !


Message History

You slash the orc warrior!
The orc warrior is severely wounded.
The orc warrior hits you with a +0 long sword.
You hit the orc warrior but do no damage.
The orc warrior is severely wounded.
The orc warrior hits you with a +0 long sword!
The orc warrior closely misses you.
You hit the orc warrior but do no damage.
The orc warrior is severely wounded.
The orc warrior hits you but does no damage.
You closely miss the orc warrior.
The orc warrior is severely wounded.
The orc warrior barely misses you.
You hit the orc warrior but do no damage.
The orc warrior is severely wounded.
The orc warrior hits you with a +0 long sword.
You closely miss the orc warrior.
The orc warrior is severely wounded.
The orc warrior completely misses you.
You hit the orc warrior but do no damage.
The orc warrior is severely wounded.
The orc warrior hits you with a +0 long sword.
You barely miss the orc warrior.
The orc warrior is severely wounded.
The orc warrior barely misses you.
You hit the orc warrior but do no damage.
The orc warrior is severely wounded.
The orc warrior hits you with a +0 long sword!
* * * LOW HITPOINT WARNING * * *
You barely miss the orc warrior.
The orc warrior is severely wounded.
The orc warrior hits you with a +0 long sword.
* * * LOW HITPOINT WARNING * * *
You hit the orc warrior.
The orc warrior is almost dead.
The orc warrior closely misses you.
You hit the orc warrior but do no damage.
The orc warrior is almost dead.
The orc warrior hits you with a +0 long sword!
You die...

.≈...≈.#.≈.#.....#
########'##
≈.#...#.≈.#.##.########
###..≈≈≈.
≈.##._#.≈.#...[.......#
#...≈§§§≈
≈...###|≈.#...........#
#..≈≈§§≈≈
≈≈≈≈....≈.#...........#
#..≈§≈>≈§
....≈≈≈≈≈.#...........#
#..≈§≈≈§≈
####......#..........##
#...≈≈§≈≈
....#######...######.#
#....≈≈§.
≈≈≈≈.).........†@..#.#
#......#.
####....###....[.o.#.#
#......##
#.####..........#.####......#
#.##.#.###.....##...........#
####....#.#
#.....########.######
....###'#.#
#.....#####....#.....
..........#
#........###.###.....
.........##
#..........#.###.....
.........#
#.........##.........


You could see an orc warrior.

Vanquished Creatures
  Menkaure (D:7)
  A basilisk (Sewer)
  An orc warrior (D:7)
  An ice beast (D:6)
  An ogre (D:5)
  3 bullfrogs
  2 scorpions
  2 necrophages
  A howler monkey (D:7)
  An electric eel (D:7)
  2 orc priests
  2 jellies
  Crazy Yiuf (D:7)
  3 hounds
  6 iguanas
  2 orc wizards (D:5)
  6 adders
  2 white imps (D:5)
  2 ufetubi (D:5)
  6 dart slugs
  21 orcs
  5 endoplasms
  9 giant cockroaches
  13 goblins
  6 hobgoblins
  6 jackals
  5 kobolds
  2 quokkas
  10 ball pythons
  4 bats
  5 frilled lizards
  5 rats
137 creatures vanquished.

Vanquished Creatures (others)
  A fungus (D:8)
  16 plants
17 creatures vanquished.

Grand Total: 154 creatures vanquished

Notes
Turn   | Place    | Note
-------+----------+-------------------------------------------
     0 | Abyss:1  | jmlagarto the Hill Orc Abyssal Knight began the quest for
                  | the Orb.
     0 | Abyss:1  | Reached XP level 1. HP: 19/19 MP: 2/2
    60 | Abyss:1  | Noticed a small abomination
    61 | D:1      | Escaped the Abyss
   406 | D:1      | Reached skill level 1 in Dodging
   406 | D:1      | Reached XP level 2. HP: 27/27 MP: 3/3
   879 | D:1      | Reached XP level 3. HP: 27/33 MP: 5/5
  1785 | D:2      | Reached *** piety under Lugonu
  1898 | D:2      | Reached XP level 4. HP: 40/40 MP: 6/6
  2253 | D:2      | Found a faded altar of an unknown god.
  2411 | D:3      | Found a sacrificial altar of Ru.
  2489 | D:3      | Found Ytyo's Antique Weapon Shop.
  2658 | D:3      | Reached XP level 5. HP: 41/47 MP: 7/7
  2732 | D:3      | Found a shimmering blue altar of Sif Muna.
  2845 | D:3      | Found a glowing drain.
  2868 | Sewer    | Entered a sewer
  2891 | Sewer    | Noticed Pargi
  2895 | Sewer    | Noticed Pargi
  2895 | Sewer    | Pargi changed into Pargi the basilisk
  2916 | Sewer    | Killed Pargi the basilisk
  2917 | Sewer    | Reached XP level 6. HP: 19/55 MP: 7/9
  3827 | D:4      | Reached **** piety under Lugonu
  3833 | D:4      | Reached skill level 5 in Fighting
  4251 | D:4      | Found Suesuid's Armour Emporium.
  4284 | D:4      | Reached XP level 7. HP: 22/61 MP: 10/10
  4520 | D:4      | Found a hazy altar of Hepliaklqana.
  5001 | D:5      | Entered Level 5 of the Dungeon
  5014 | D:5      | Reached skill level 5 in Axes
  5091 | D:5      | Reached skill level 5 in Invocations
  6886 | D:6      | Found Ihifetui's Distillery.
  7228 | D:6      | Reached XP level 8. HP: 46/70 MP: 12/12
  8177 | D:7      | Reached skill level 5 in Armour
  8253 | D:7      | Found a staircase to the Ecumenical Temple.
  8567 | D:7      | Reached skill level 1 in Shields
  9030 | D:7      | Found a white marble altar of Elyvilon.
  9031 | D:7      | Found an iron altar of Okawaru.
  9216 | D:7      | Found a runed translucent door.
  9217 | D:7      | Noticed Crazy Yiuf
  9227 | D:7      | Killed Crazy Yiuf
  9431 | D:7      | Noticed Menkaure
  9447 | D:7      | Killed Menkaure
  9953 | D:8      | Reached XP level 9. HP: 64/78 MP: 12/14
 10096 | D:7      | Slain by an orc warrior

Illustrated notes

Levels and vault maps discovered:
D:1:      tarquinn_simple_flora_water_f, layout_basic, serial_glass,
          glass_columns_a, glass_columns_b, st_stairs_12
D:2:      layout_loops_cross, ebering_ecumenical_altar_box
D:3:      layout_basic, lemuel_tele_altar, mainiacjoe_overflow_paths,
          serial_shops, nicolae_diamond_shop, portal_sewer_entry_f,
          dreamdust_princess_corridor
D:4:      layout_cave_pods, nicolae_hepliaklqana_hazy_memory,
          nicolae_stop_n_shop_1
D:5:      layout_basic, grunt_decor_one_mirror
D:6:      layout_loops_ring, serial_shops, shop
D:7:      layout_basic, nicolae_overflow_squiral, minmay_temple_entry_mist,
          chequers_decorated_corner, minmay_misc_feat_iff, chequers_avenue,
          uniq_menkaure, uniq_crazy_yiuf_cottage
D:8:      layout_loops_ring, minmay_lair_entry_grove, minivault_5

Skill      XL: |  1  2  3  4  5  6  7  8  9 |
---------------+----------------------------+-----
Dodging        | 1 2 3 4 |  4.0
Axes           | 3 4 5 6 |  6.8
Invocations    | 3 4 5 6 |  6.7
Fighting       | 4 5 6 |  6.9
Armour         | 3 4 5 |  5.7
Shields        | 2 |  2.3

Action                   |  1- 3 |  4- 6 |  7- 9 || total
-------------------------+-------+-------+-------++-------
Melee: Hand axe          |   112 |   159 |   310 ||   581
       Punch             |     3 |     4 |     3 ||    10
       Trident           |       |       |     5 ||     5
Throw: Dart              |       |       |     7 ||     7
       Javelin           |       |       |     3 ||     3
Invok: Depart the Abyss  |     1 |       |       ||     1
       Bend Space        |       |       |     1 ||     1
Evoke: Wand              |       |     3 |       ||     3
  Use: Potion            |       |     1 |     1 ||     2
       Scroll            |       |     4 |     3 ||     7
Armor: Leather armour    |    35 |       |       ||    35
       Chain mail        |     8 |    87 |   150 ||   245
       Troll leather arm |       |     1 |       ||     1
Dodge: Dodged            |    72 |    64 |   107 ||   243
Block: Buckler           |       |       |    20 ||    20

Table legend: (Time is in decaauts)
 A = Elapsed time spent in this place.
 B = Non-inter-level travel time spent in this place.
 C = Inter-level travel time spent in this place.
 D = Time resting spent in this place.
 E = Time spent auto-exploring this place.
 F = Levels seen in this place.
 G = Mean time per level.
                   A        B        C        D        E       F      G
               +--------+--------+--------+--------+--------+-----+--------+
         Total |  10189 |  10025 |    164 |    259 |   8343 |  10 | 1018.9 |
       Dungeon |   9708 |   9544 |    164 |    259 |   8009 |   8 | 1213.5 |
         Abyss |     61 |     61 |      0 |      0 |     59 |   1 |   61.0 |
         Sewer |    420 |    420 |      0 |      0 |    274 |   1 |  420.0 |
               +--------+--------+--------+--------+--------+-----+--------+

Top non-repeatable levels by time:
     D:7: 1913 daAuts
     D:5: 1833 daAuts
     D:4: 1577 daAuts
     D:1: 1446 daAuts
     D:6: 1152 daAuts
     D:2: 882 daAuts
     D:3: 874 daAuts
   Sewer: 420 daAuts
 Abyss:1: 61 daAuts
     D:8: 26 daAuts
